 Dungeon Crawl Stone Soup version 0.20-a0-1101-g1de9d76 (webtiles) character file.

173 Duffy the Cudgeler (level 5, 43/43 HPs)
             Began as a Gnoll Fighter on May 5, 2017.
             Quit the game on level 3 of the Dungeon.
             The game lasted 00:02:08 (2639 turns).

Duffy the Cudgeler (Gnoll Fighter)                  Turns: 2639, Time: 00:02:09

Health: 43/43      AC:  7    Str: 16    XL:     5   Next: 53%
Magic:  5/5        EV:  7    Int:  9    God:
Gold:   161        SH:  9    Dex: 13    Spells: 4/4 levels left

rFire    . . .     SeeInvis .   a - +0 flail
rCold    . . .     Gourm    .   c - +0 shield
rNeg     . . .     Faith    .   b - +0 scale mail
rPois    .         Spirit   .   (no helmet)
rElec    .         Reflect  .   (no cloak)
rCorr    .         Harm     .   (no gloves)
MR       .....                  (no boots)
Stlth    ..........             (no amulet)
Regen    0.2/turn               (no ring)
MPRegen  0.1/turn               (no ring)

@: no status effects
A: short attention span, fangs 1, strong nose
a: no special abilities


You were on level 3 of the Dungeon.
You were not hungry.

You visited 1 branch of the dungeon, and saw 3 of its levels.

You collected 161 gold pieces.

Inventory:

Hand Weapons
 a - a +0 flail (weapon)
Armour
 b - a +0 scale mail (worn)
 c - a +0 shield (worn)
Wands
 q - a wand of lightning (7/15)
Scrolls
 e - 4 scrolls of random uselessness {unknown}
 g - a scroll of immolation {unknown}
 l - 2 scrolls of enchant armour {unknown}
 n - a scroll of amnesia {unknown}
 o - a scroll of fear {unknown}
 p - 2 scrolls of teleportation {unknown}
 s - a scroll of fog {unknown}
 t - 2 scrolls of recharging {unknown}
 v - a scroll of remove curse {unknown}
 w - a scroll of identify {unknown}
Potions
 d - a potion of might
 h - 3 potions of lignification
 i - a potion of magic {unknown}
 j - a potion of curing {unknown}
 k - a potion of heal wounds {unknown}
 m - a potion of cancellation {unknown}
 z - a potion of mutation {unknown}
Comestibles
 f - 5 bread rations
 r - 2 royal jellies
 u - 2 meat rations
 x - 3 chunks of flesh


   Skills:
 - Level 4.9 Fighting
 + Level 7.7 Maces & Flails
 - Level 4.9 Armour
 - Level 4.9 Shields


You had 4 spell levels left.
You didn't know any spells.

Dungeon Overview and Level Annotations

Branches:
Dungeon (3/15)

Altars:
Xom


Innate Abilities, Weirdness & Mutations

You have a short attention span.
You have very sharp teeth.
Your uncanny sense of smell can sniff out nearby items.


Message History

The goblin barely misses you.
You thump the goblin!
You kill the goblin!
No target in view!
No target in view!
No target in view!
No target in view!
No target in view!
You butcher the goblin corpse.
x - 3 chunks of flesh You see here a goblin skeleton. x2
Found a stone staircase leading up.
A kobold comes into view.
The kobold shouts!
The kobold throws a stone.
You block the stone.
You see here a stone.
A kobold is nearby!
The kobold throws a stone.
You block the stone.
You see here a stone.
Are you sure you want to abandon this character and quit the game? (Confirm with "yes".)

### ###### ..#
#..... #.# #.....
### #.# #.....
...#.# #.....
#####.#.########
##....
..............K.
###.. #.#####(@#
###### #..
#........# #....#
#.. ########.#
#....# #..
#......#.# #....#
#..
#.####.#.###....#
### #.# #.#........#
#.' #.#
#..........###+#####
#.#
#..>...........'....
#.#
#..............#####


You could see a kobold.

Vanquished Creatures
  A jelly (D:3)
  Jessica (D:2)
  3 gnolls (D:3)
  3 adders
  A worm (D:3)
  A dart slug (D:1)
  2 leopard geckos
  A ball python (D:1)
  4 giant cockroaches
  5 goblins
  9 hobgoblins
  2 jackals (D:2)
  9 bats
  A frilled lizard (D:1)
  5 kobolds
  6 rats
54 creatures vanquished.

Notes
Turn   | Place    | Note
-------+----------+-------------------------------------------
     0 | D:1      | Duffy the Gnoll Fighter began the quest for the Orb.
     0 | D:1      | Reached XP level 1. HP: 20/20 MP: 1/1
   245 | D:1      | Reached skill level 4 in Maces & Flails
   245 | D:1      | Reached XP level 2. HP: 16/26 MP: 2/2
   593 | D:1      | Reached skill level 5 in Maces & Flails
   598 | D:1      | Reached XP level 3. HP: 27/32 MP: 3/3
   830 | D:2      | Reached skill level 6 in Maces & Flails
   988 | D:2      | Reached XP level 4. HP: 10/38 MP: 4/4
  1325 | D:2      | Found a shimmering altar of Xom.
  1414 | D:2      | Noticed Jessica
  1419 | D:2      | Killed Jessica
  1669 | D:3      | Reached skill level 7 in Maces & Flails
  1678 | D:3      | Reached XP level 5. HP: 32/43 MP: 5/5
  2639 | D:3      | Quit the game

Vault maps used:
D:1:      doesnt_arrival_goblin_jail
D:2:      lemuel_crystal_altar, first_bread, uniq_jessica
D:3:      okawaru_altar_gauntlet_db

Skill      XL: |  1  2  3  4 |
---------------+-------------+-----
Maces & Flails | 4 5 6 7 |  7.7
Fighting       | |  4.9
Armour         | |  4.9
Shields        | |  4.9

Action                   |  1- 3 |  4- 6 || total
-------------------------+-------+-------++-------
Melee: Flail             |   106 |    71 ||   177
       Bite              |    11 |    11 ||    22
  Use: Potion            |     1 |       ||     1
  Eat: Chunk             |       |     6 ||     6
Armor: Scale mail        |    39 |    33 ||    72
       Skin              |    10 |       ||    10
Dodge: Dodged            |    41 |    15 ||    56
Block: Shield            |    58 |    40 ||    98
